 Dungeon Crawl Stone Soup version 0.31-a0-1005-gfbdfbacc72 (webtiles) character file.

Game seed: 13394701788395263899

2 Azuregosa the Sneak (level 1, -1/16 HPs)
             Began as an Octopode Delver on Nov 11, 2023.
             Slain by a white imp (4 damage)
             ... on level 5 of the Dungeon.
             The game lasted 00:01:07 (73 turns).

Azuregosa the Sneak (Octopode Delver)                 Turns: 73, Time: 00:01:07

Health: -1/16      AC:  1    Str: 11    XL:     1   Next: 40%
Magic:  1/1        EV: 13    Int: 12    God:
Gold:   17         SH:  0    Dex: 13    Spells: 0/0 levels left

rFire   . . .        a - +0 short sword
rCold   . . .        (no shield)
rNeg    . . .        (helmet restricted)
rPois   .            (no amulet)
rElec   .            (no ring)
rCorr   .            (no ring)
SInv    .            (no ring)
Will    .....        (no ring)
Stlth   ++++         (no ring)
HPRegen 0.22/turn    (no ring)
MPRegen 0.07/turn    (no ring)
                     (no ring)

%: no passive effects
@: no status effects
A: almost no armour, amphibious, 8 rings, camouflage 1, gelatinous body 1,
(nimble swimmer 1), tentacles
a: no special abilities


You were on level 5 of the Dungeon.
You visited 1 branch of the dungeon, and saw 1 of its levels.

You collected 17 gold pieces.

Inventory:

Hand Weapons
 a - a +0 short sword (weapon)
Wands
 f - a wand of digging (3)
Scrolls
 b - a scroll of fog
 d - a scroll of fear
Potions
 c - a potion of attraction {unknown}
 e - a potion of haste


   Skills:
 - Level 3.0 Fighting
 - Level 2.0 Short Blades
 - Level 2.0 Dodging
 + Level 6.8 Stealth


You couldn't memorise any spells.
You didn't know any spells.
Your spell library was empty.

Dungeon Overview and Level Annotations

Branches:
Dungeon (5/15)
 Temple: D:4-7

Altars:


Innate Abilities, Weirdness & Mutations

You cannot wear most types of armour.
You are amphibious.
You can wear up to eight rings at the same time.
Your skin changes colour to match your surroundings (Stealth+).
Your rubbery body absorbs attacks. (AC +1, EV +1)
((You are camouflaged when in or above water. (Stealth+)))
You have tentacles for arms and can constrict up to eight enemies at once.


Message History

As you read the scroll of revelation, it crumbles to dust.
You feel aware of your surroundings.
You sensed 1 altar.
Found a hand axe, 10 gold pieces and a fizzy dark potion.
You now have 7 gold pieces.
A shadow imp comes into view.
The shadow imp moves out of view.
Found 5 gold pieces.
You now have 17 gold pieces (gained 10).
You see here a fizzy dark potion.
c - a fizzy dark potion
Found 12 gold pieces.
A dart slug comes into view.
A white imp comes into view.
The dart slug launches a dart at you. The slug dart hits you.
You hit the dart slug. You grab the dart slug. You squeeze the dart slug.
The dart slug is heavily wounded.
You constrict the dart slug, but do no damage.
You hit the dart slug but do no damage.
The dart slug is heavily wounded.
You constrict the dart slug. The dart slug bites you.
You hit the dart slug.
The dart slug is almost dead.
You constrict the dart slug. The dart slug closely misses you.
You hit the dart slug.
You kill the dart slug!
A white imp is nearby!
A white imp is nearby!
You start resting.
HP restored.
Found an escape hatch in the ceiling.
You see here a dart slug corpse.
The white imp gestures at you. The puff of frost hits you!
Ouch! That really hurt!
* * * LOW HITPOINT WARNING * * *
The white imp hits you.
* * * LOW HITPOINT WARNING * * *
The white imp freezes you.
You die...

*,*****,* *,...,#......##........
*,,,,,,,* *,,..,#......##........
*,,*,,,,* ***#.****#.............
,,,,,,,,######.#####......##.####
,,,,,,,,.........................
*,,*,*,,.........###.............
,,,,,*,,*..###.†####.........#..#
,,,*,*,,..........$.............#
*,,*,,,,........@............#..#
*,,,,*,,........5###..####...#...
,,,,,,,,..#......# ##.#**#.......
,,,,,*,,.,#.##...#**#..........5.
,,,,,,,,,...,.....,,,,,....#.#...
*,,,**,,,..,..<...,**,*##..#.#,,.
,,_,,*,,,**.#.#...,**,,,,,,,,*,**
,,,,,*,,,,.........,,,,,,,,,,,,,,
******,,,,,,*,*,,,,***,,,,,,,,,,,


You could see a white imp.

Vanquished Creatures
  A dart slug (D:5)
1 creature vanquished.

Notes
Turn   | Place    | Note
-------+----------+-------------------------------------------
     0 | D:5      | Azuregosa the Octopode Delver began the quest for the Orb.
     0 | D:5      | Reached XP level 1. HP: 16/16 MP: 1/1
    73 | D:5      | Slain by a white imp

Illustrated notes

Levels and vault maps discovered:
D:5:      layout_basic, mainiacjoe_overflow_alcove_1, st_stairs_6,
          minmay_fractal_squares_diagonal_5

Action                     || total
---------------------------++-------
  Melee: Short sword       ||     4
         Constrict         ||     1
         Tentacles         ||     1
    Use: Scroll            ||     1
 Armour: Skin              ||     4
  Dodge: Dodged            ||     1

Table legend: (Time is in decaauts)
 A = Elapsed time spent in this place.
 B = Non-inter-level travel time spent in this place.
 C = Inter-level travel time spent in this place.
 D = Time resting spent in this place.
 E = Time spent auto-exploring this place.
 F = Levels seen in this place.
 G = Mean time per level.
                   A        B        C        D        E       F      G
               +--------+--------+--------+--------+--------+-----+--------+
         Total |     72 |     72 |      0 |     27 |      0 |   1 |   72.0 |
       Dungeon |     72 |     72 |      0 |     27 |      0 |   1 |   72.0 |
               +--------+--------+--------+--------+--------+-----+--------+

Top non-repeatable levels by time:
     D:5: 72 daAuts
